 Dungeon Crawl Stone Soup version 0.20-a0-261-gcb1eca7 (webtiles) character file.

57 Ladykiller69 the Slasher (level 3, -2/31 HPs)
             Began as a Minotaur Gladiator on Dec 3, 2016.
             Slain by stickyfingers's ghost (11 damage)
             ... on level 3 of the Dungeon.
             The game lasted 00:05:45 (1276 turns).

Ladykiller69 the Slasher (Minotaur Gladiator)       Turns: 1276, Time: 00:05:46

Health: -2/31      AC:  4    Str: 19    XL:     3   Next: 73%
Magic:  2/2        EV: 13    Int:  5    God:
Gold:   134        SH:  0    Dex: 11    Spells: 2/2 levels left

rFire  . . .     SeeInvis .     a - +0 long sword
rCold  . . .     Gourm    .     b - +0 leather armour
rNeg   . . .     Faith    .     (no shield)
rPois  .         Spirit   .     c - +0 hat
rElec  .         Reflect  .     m - +0 cloak
rCorr  .         Harm     .     (no gloves)
MR     .....                    (no boots)
Stlth  +.........               (no amulet)
                                (no ring)
                                (no ring)

@: no status effects
A: retaliatory headbutt, horns 2
a: no special abilities


You were on level 3 of the Dungeon.
You were not hungry.

You visited 1 branch of the dungeon, and saw 3 of its levels.

You collected 134 gold pieces.

Inventory:

Hand Weapons
 a - a +0 long sword (weapon)
Missiles
 d - 3 throwing nets (quivered)
 l - 62 stones
Armour
 b - a +0 leather armour (worn)
 c - a +0 hat (worn)
 m - a +0 cloak (worn)
Jewellery
 p - a +3 ring of slaying {unknown}
 r - an uncursed ring of stealth {unknown}
 v - an uncursed ring of protection from fire {unknown}
 y - an uncursed ring of magical power {unknown}
Scrolls
 e - a scroll of immolation {unknown}
 g - a scroll of remove curse {unknown}
 h - 4 scrolls of identify {unknown}
 k - a scroll of recharging {unknown}
 n - a scroll of random uselessness {unknown}
 o - a scroll of blinking {unknown}
 q - a scroll of fog {unknown}
 s - a scroll of enchant weapon {unknown}
 x - a scroll of teleportation {unknown}
Potions
 t - 2 potions of curing {unknown}
 u - a potion of brilliance {unknown}
 w - a potion of mutation {unknown}
Comestibles
 f - 2 bread rations
 i - 2 chunks of flesh
 j - 3 meat rations
 z - a beef jerky


   Skills:
 - Level 3.0 Fighting
 * Level 4.6 Long Blades
 - Level 2.0 Throwing
 + Level 4.1 Dodging


You had 2 spell levels left.
You didn't know any spells.

Dungeon Overview and Level Annotations

Branches:
Dungeon (3/15)

Altars:
Qazlal

Annotations:
D:3 stickyfingers's ghost, amateur TrWz


Innate Abilities, Weirdness & Mutations

You reflexively headbutt those who attack you in melee.
You have a pair of horns on your head.


Message History

You now have 134 gold pieces (gained 14).
Found 22 bolts. 2 rats come into view.
You hit the rat.
You kill the rat!
The rat misses you.
You riposte.
You barely miss the rat. Your headbutt misses the rat. You hit the rat.
You kill the rat!
Found a hand axe.
Stickyfingers's ghost (amateur Troll Wizard) comes into view.
Stickyfingers's ghost turns its malevolent gaze towards you.
Found a stone staircase leading down.
A hobgoblin comes into view. It is wielding a club.
You see here 22 bolts.
There is a stone staircase leading up here.
You closely miss stickyfingers's ghost. Stickyfingers's ghost hits you! x2
* * * LOW HITPOINT WARNING * * *
Stickyfingers's ghost hits you!
You die...

....# #..........#
....# #.###...####
....# #.#E#...#E#
....# #.###...###
...## #.# ##...#
..## #####.####...#
#######....>.......#
........########...#
.######## #@..# ##
##W## ## #..# #.#
#W## #.. ##.# #..
#..# ##### #..
###.## .....
#..##...# ..###
##.†#..###


You could see stickyfingers's ghost.

Vanquished Creatures
  A worm (D:3)
  2 dart slugs (D:1)
  3 leopard geckos
  2 ball pythons (D:1)
  9 bats
  5 giant cockroaches
  3 goblins
  6 hobgoblins
  3 kobolds
  7 frilled lizards
  6 rats
47 creatures vanquished.

Notes
Turn   | Place    | Note
-------+----------+-------------------------------------------
     0 | D:1      | Ladykiller69 the Minotaur Gladiator began the quest for the Orb.
     0 | D:1      | Reached XP level 1. HP: 18/18 MP: 0/0
   107 | D:1      | Reached XP level 2. HP: 14/25 MP: 1/1
   562 | D:1      | Reached XP level 3. HP: 24/30 MP: 2/2
  1218 | D:3      | Found a stormy altar of Qazlal.
  1220 | D:3      | Noticed a water elemental
  1220 | D:3      | Noticed an earth elemental
  1221 | D:3      | Noticed an air elemental
  1221 | D:3      | Noticed a fire elemental
  1253 | D:3      | Noticed stickyfingers's ghost (amateur TrWz)
  1276 | D:3      | Slain by stickyfingers's ghost

Vault maps used:
D:1:      lightli_arrival_noodles
D:3:      nicolae_qazlal_style_of_elements

Skill      XL: |  1  2  3 |
---------------+----------+-----
Long Blades    | 4 |  4.6
Fighting       | 3 |  3.0
Dodging        | 4 |  4.1
Throwing       | |  2.0

Action                   || total
-------------------------++-------
Melee: Long sword        ||    72
       Headbutt          ||     7
 Stab: Sleeping          ||     1
  Eat: Chunk             ||     1
Armor: Leather armour    ||    15
Dodge: Dodged            ||    53
       Rpst.: Long sword ||    15
